 Dungeon Crawl Stone Soup version 0.25-a0-413-g3b4b6a4ccc (webtiles) character file.

Game seed: 5190366665998625510, levelgen mode: deterministic

221 Alfie the Shooter (level 6, 0/46 HPs)
             Began as a Human Hunter on Jan 17, 2020.
             Slain by an orc wizard
             ... wielding a +0 dagger
              (4 damage)
             ... on level 3 of the Dungeon.
             The game lasted 00:08:11 (1727 turns).

Alfie the Shooter (Human Hunter)                    Turns: 1727, Time: 00:08:11

Health: 0/46       AC:  3    Str: 15    XL:     6   Next: 19%
Magic:  6/6        EV: 12    Int: 11    God:
Gold:   118        SH:  0    Dex: 13    Spells: 5/5 levels left

rFire    . . .     SeeInvis .   b - +1 short sword
rCold    . . .     Gourm    .   (no shield)
rNeg     . . .     Faith    .   c - +0 leather armour
rPois    .         Spirit   .   (no helmet)
rElec    .         Reflect  .   (no cloak)
rCorr    .         Harm     .   (no gloves)
MR       .....                  (no boots)
Stlth    +.........             (no amulet)
HPRegen  0.15/turn              g - +1 ring of slaying
MPRegen  0.10/turn              (no ring)

@: no status effects
A: no striking features
a: no special abilities


You were on level 3 of the Dungeon.
You were not hungry.

You visited 1 branch of the dungeon, and saw 3 of its levels.

You collected 118 gold pieces.

Inventory:

Hand Weapons
 a - a +1 shortbow
 b - a +1 short sword (weapon)
Missiles
 d - 10 arrows
Armour
 c - a +0 leather armour (worn)
Jewellery
 g - a +1 ring of slaying (left hand)
Scrolls
 e - a scroll of teleportation
Potions
 h - a potion of berserk rage {unknown}
Comestibles
 f - 4 rations


   Skills:
 + Level 2.9 Fighting
 + Level 0.7 Short Blades
 + Level 6.0 Bows
 + Level 1.4 Armour
 + Level 2.4 Dodging
 + Level 1.0 Stealth


You had 5 spell levels left.
You didn't know any spells.
Your spell library was empty.

Dungeon Overview and Level Annotations

Branches:
Dungeon (3/15)

Altars:
Elyvilon
Fedhas
Uskayaw
Zin
The Shining One


Message History

The orc wizard hits you but does no damage.
An orc comes into view. It is wielding a +0 mace.
You closely miss the orc wizard.
The orc wizard is heavily wounded.
The orc wizard hits you but does no damage.
An orc comes into view.
It is wielding a +0 hand axe and wearing a +2 ring mail of fire resistance.
You closely miss the orc wizard.
The orc wizard is heavily wounded.
The orc wizard barely misses you.
You hit the orc wizard.
The orc wizard is heavily wounded.
The orc wizard hits you but does no damage.
You barely miss the orc wizard.
The orc wizard is heavily wounded.
The orc wizard hits you with a +0 dagger.
* * * LOW HITPOINT WARNING * * *
You closely miss the orc wizard.
The orc wizard is heavily wounded.
The orc wizard hits you with a +0 dagger.
You die...

###.########.# ##.
#............# #.
#...........#######
#..............##..
#...........##.##..
.
###......#+#.#.##.(
...
#.####.#.#.#.##..
....o###.#
#.#...#.##..
(..ooro@.#
#.###.#.####
...oo#####
#........... ...
####.##.###. .
#.##.# #. #.##.# #.
#.##.# #. #.##.# ##
#.##.# #....#


You could see an orc wizard, 5 orcs and a quokka.

Vanquished Creatures
  A big kobold (D:3)
  A bullfrog (D:3)
  Robin (D:2)
  2 worms (D:2)
  2 leopard geckos (D:2)
  2 giant cockroaches
  19 goblins
  9 hobgoblins
  3 jackals (D:2)
  A quokka (D:3)
  A ball python (D:1)
  3 bats
  3 frilled lizards
  4 kobolds
  8 rats
60 creatures vanquished.

Notes
Turn   | Place    | Note
-------+----------+-------------------------------------------
     0 | D:1      | Alfie the Human Hunter began the quest for the Orb.
     0 | D:1      | Reached XP level 1. HP: 16/16 MP: 1/1
    95 | D:1      | Reached XP level 2. HP: 22/22 MP: 2/2
   580 | D:2      | Reached XP level 3. HP: 28/28 MP: 3/3
   596 | D:2      | Found a hide-covered altar of Uskayaw.
   596 | D:2      | Found a glowing golden altar of the Shining One.
   604 | D:2      | Found a glowing silver altar of Zin.
   619 | D:2      | Found a glowing golden altar of the Shining One.
  1121 | D:2      | Found a white marble altar of Elyvilon.
  1214 | D:2      | Found a faded altar of an unknown god.
  1260 | D:2      | Reached XP level 4. HP: 34/34 MP: 4/4
  1262 | D:2      | Reached skill level 5 in Bows
  1267 | D:2      | Noticed Robin
  1291 | D:2      | Killed Robin
  1511 | D:3      | Noticed a big kobold
  1526 | D:3      | Killed a big kobold
  1526 | D:3      | Reached skill level 1 in Armour
  1526 | D:3      | Reached XP level 5. HP: 28/39 MP: 5/5
  1620 | D:3      | Found a blossoming altar of Fedhas.
  1669 | D:3      | Noticed a bullfrog
  1679 | D:3      | Killed a bullfrog
  1679 | D:3      | Reached skill level 6 in Bows
  1679 | D:3      | Reached XP level 6. HP: 10/46 MP: 6/6
  1727 | D:3      | Slain by an orc wizard

Levels and vault maps discovered:
D:1:      saegor_arrival_simple_e, layout_basic
D:2:      layout_loops_corners, grunt_temple_overflow_open, marbit_many_paths,
          chequers_ecumenical_altar_simple_redux, lemuel_altar_in_water,
          uniq_robin
D:3:      layout_basic, old_standard_altar, fedhas_altar_3

Skill      XL: |  1  2  3  4  5 |
---------------+----------------+-----
Bows           | 5 6 |  6.0
Armour         | 1 |  1.4
Fighting       | |  2.9
Short Blades   | |  0.7
Dodging        | |  2.4
Stealth        | |  1.0

Action                   |  1- 3 |  4- 6 || total
-------------------------+-------+-------++-------
Melee: Short sword       |     4 |    34 ||    38
 Fire: Shortbow          |   100 |    62 ||   162
  Use: Scroll            |     2 |     3 ||     5
  Eat: Ration            |     1 |       ||     1
Armor: Leather armour    |    16 |    17 ||    33
Dodge: Dodged            |    23 |    30 ||    53

Table legend:
 A = Non-vault XP
 B = Vault XP
 C = Vault XP percentage of total XP
 D = Non-vault monster count
 E = Vault monster count
 F = Vault count percentage of total count
                 A         B        C        D         E       F
            +---------+---------+-------+---------+---------+-------
      Total |     281 |      36 |  11.4 |      48 |      12 |  20.0
            +---------+---------+-------+---------+---------+-------
        D:1 |      23 |       0 |   0.0 |      15 |       0 |   0.0
        D:2 |      42 |      36 |  46.2 |      22 |      12 |  35.3
        D:3 |     216 |       0 |   0.0 |      11 |       0 |   0.0
            +---------+---------+-------+---------+---------+-------
